Cogmind - Beta 15 @@@ ROGUE MODE // 2025.08.29 @ 23:31:38 Player: ID-34L Result: Destroyed by G-34 Mercenary with Small Laser Performance ------------- Evolutions (1) 500 Regions Visited (2) 400 Robots Destroyed (38) 190 Value Destroyed (733) 733 Prototype IDs (2) 40 Alien Tech Used (0) 0 Bonus (0) 0 TOTAL SCORE: 1863 Bonus ------- None Cogmind --------- Core Integrity 0/400 Matter 250/300 Energy 100/100 System Corruption 0% Temperature Cool (6) Movement Rolling (80) Location -9/Materials Parts ------- > --- POWER (1) -------- (None) > --- PROPULSION (2) --- Wheel Wheel > --- UTILITY (3) ------ Medium Storage Unit Core Shielding Hardened Light Armor Plating > --- WEAPON (3) ------- Hammer > --- INVENTORY (10) --- Ion Engine Light Ion Engine Light Treads Improved Aluminum Leg Terrain Scan Processor Targeting Computer Small Laser Heavy Assault Rifle Peak State ------------ > --- POWER ------------ Light Ion Engine > --- PROPULSION ------- (None) > --- UTILITY ---------- Small Storage Unit Weight Redist. System > --- WEAPON ----------- Small Laser Beam Cannon Katana > --- INVENTORY -------- Light Treads Wheel Wheel Medium Storage Unit Assault Rifle Hammer [Rating: 9] Favorites ----------- Power Light Ion Engine Engine Light Ion Engine Propulsion Light Treads Treads Light Treads Wheel Wheel Utility Small Storage Unit Device Weight Redist. System Storage Small Storage Unit Protection Backup Plating I Weapon Small Laser Energy Gun Small Laser Energy Cannon Beam Cannon Ballistic Gun Assault Rifle Impact Weapon Hammer Slashing Weapon Katana Build | -11 -10 -9 ------- Run | Yrd Mat Mat Slots Evolved 2 | . . 2 Power . | . . . Propulsion . | . . . Utility 1 | . . 1 Weapon 1 | . . 1 Parts Attached 21 | 6 6 9 Power 4 | 1 2 1 Engine 4 | 1 2 1 Core . | . . . Reactor . | . . . Propulsion 5 | 2 1 2 Treads 3 | 2 1 . Leg . | . . . Wheel 2 | . . 2 Hover . | . . . Flight . | . . . Utility 5 | 1 1 3 Device 1 | . 1 . Storage 2 | 1 . 1 Processor . | . . . Hackware . | . . . Protection 2 | . . 2 Artifact . | . . . Weapon 7 | 2 2 3 Energy Gun 1 | 1 . . Energy Cannon 2 | . 1 1 Ballistic Gun 2 | 1 1 . Ballistic Cannon . | . . . Launcher . | . . . Special Weapon . | . . . Impact Weapon 1 | . . 1 Slashing Weapon 1 | . . 1 Piercing Weapon . | . . . Special Melee Weapon . | . . . Unidentified Prototypes . | . . . Parts Lost 11 | . 1 10 Power 3 | . 1 2 Propulsion 2 | . . 2 Utility 1 | . . 1 Weapon 5 | . . 5 Highest Loss Streak 5 | . 1 5 To Critical Strikes . | . . . Average Backups 5 | 3 5 6 Power . | . . . Propulsion 2 | 1 2 3 Utility 1 | . 1 . Weapon 1 | . 1 1 Tool/Special . | . . . Unused Backups 9 | . . 9 Power 2 | . . 2 Propulsion 2 | . . 2 Utility 2 | . . 2 Weapon 3 | . . 3 Tool/Special . | . . . Average Slot Usage (%) 84 | . 94 67 Engine 7 | . 9 5 Treads 20 | . 28 7 Device 5 | . 6 4 Storage 12 | . 14 11 Protection 7 | . 7 7 Energy Gun 10 | . 14 4 Energy Cannon 8 | . 8 8 Ballistic Gun 5 | . 5 5 Impact Weapon 2 | . . 5 Peak Build Rating 9 | 6 8 9 Average Rating 7 | 4 7 7 On Entrance 4 | . 6 8 Naked Turns . | . . . Heaviest Build 23 | 13 14 23 Greatest Support 46 | 40 46 46 Greatest Overweight (x) 7 | . . 7 Average Overweight (x) . | . . . Largest Inventory Capacity 10 | 8 8 10 Average Capacity 8 | 6 8 8 Most Carried 8 | 5 8 8 Average Carried 5 | 3 5 6 Final Capacity 10 | 8 8 10 Final Carried 8 | 4 8 8 Class Distribution -------------------- 100% | Mutant Dominant Class ---------------- Mutant | -10/Materials Mutant | -9/Materials Resources | -11 -10 -9 ----------- Run | Yrd Mat Mat Matter Collected 699 | 178 279 242 Remotely . | . . . Salvage Created 1046 | . 431 615 Parts 67 | . 33 34 Haulers Intercepted 1 | . 1 . Recyclers Shooed . | . . . Parts Field Recycled . | . . . Retrieved Matter . | . . . Parts Self-Destructed . | . . . Prevented . | . . . Kills | -11 -10 -9 ------- Run | Yrd Mat Mat Combat Hostiles Destroyed 30 | . 13 17 Melee 1 | . . 1 Guns 22 | . 12 10 Cannons 7 | . 1 6 Classes Destroyed 7 | . 5 2 Worker 5 | . 2 3 Hauler 1 | . 1 . Watcher 2 | . 2 . Swarmer 16 | . 9 7 Grunt 10 | . 4 6 Duelist 2 | . . 2 Sentry 2 | . . 2 Best Kill Streak 5 | . 4 5 Combat Bots Only 5 | . 3 5 Max Kills in Single Turn 2 | . 2 1 Gunslinging 1 | . 1 . Exploded . | . . . Melee 1 | . . 1 Uniques/NPCs Destroyed . | . . . Combat | -11 -10 -9 -------- Run | Yrd Mat Mat Hostile Shots Fired 227 | . 80 147 Missed 55 | . 19 36 Hits 172 | . 61 111 Melee 5 | . . 5 Projectile 167 | . 61 106 Critical Strikes 2 | . . 2 Damage Taken 1746 | . 526 1220 Core 487 | . 81 406 Absorbed by Shields . | . . . Redirected to Shielding 16 | . . 16 Core Remaining (%) 83 | 100 67 . Volleys Fired 142 | . 55 87 Largest 2 | . 2 2 Hottest 100 | . 100 100 Shots Fired 233 | . 113 120 Gun 178 | . 94 84 Cannon 55 | . 19 36 Launcher . | . . . Special . | . . . Kinetic 94 | . 38 56 Thermal 139 | . 75 64 Explosive . | . . . Electromagnetic . | . . . Robot Hit Streak 23 | . 7 23 Robot Miss Streak 3 | . 3 3 Penetration Max . | . . . Secondary Targets 1 | . 1 . Max Gunslinging Chain 1 | . 1 . Shots Hit Robots 128 | . 49 79 Core Hits 50 | . 24 26 Critical Kills . | . . . Critical Parts Destroyed 1 | . . 1 Critical Strikes 1 | . . 1 Smash 1 | . . 1 Melee Attacks 12 | . . 12 Impact 5 | . . 5 Slashing 7 | . . 7 Piercing . | . . . Sneak Attacks 3 | . . 3 Combat Hostiles . | . . . Follow-up Attacks . | . . . Damage Inflicted 1932 | . 657 1275 Guns 1127 | . 515 612 Cannons 422 | . 141 281 Explosions . | . . . Melee 382 | . . 382 Ramming 1 | . 1 . Kinetic 607 | . 168 439 Thermal 942 | . 488 454 Explosive . | . . . Electromagnetic . | . . . Impact 119 | . . 119 Slashing 263 | . . 263 Piercing . | . . . Highest Corruption 2 | . 2 . Average Corruption 2 | . 2 . Corruption Purged . | . . . Corruption Blocked . | . . . Effects 24 | . 24 . Message Errors 8 | . 8 . Matter Fused 4 | . 4 . Heat Flow Errors 3 | . 3 . Energy Discharges 1 | . 1 . Parts Rejected 2 | . 2 . Data Loss (minor) 2 | . 2 . Misfires 3 | . 3 . Alerts 1 | . 1 . Overload Shots . | . . . Overflow Damage 34 | . . 34 Projectiles . | . . . Explosions . | . . . Melee 34 | . . 34 Knockbacks 2 | . . 2 Impact 2 | . . 2 Kinetic . | . . . Secondary . | . . . Self-Inflicted Damage . | . . . Shots . | . . . Rammed 2 | . 2 . Targets Rammed 2 | . 2 . Kicked . | . . . Crushed . | . . . Highest Temperature 256 | . 239 256 Average Temperature 51 | . 43 62 Received Heat Transfer 357 | . 90 267 Effects 1 | . . 1 Interference 1 | . . 1 Siege Activations . | . . . Martial Activations . | . . . Shielding Activations . | . . . Robots Disrupted . | . . . Combat Hostiles . | . . . Robots Corrupted . | . . . Combat Hostiles . | . . . Parts Fried . | . . . Impact Corruptions 1 | . . 1 Robots Melted . | . . . Combat Hostiles . | . . . Parts Melted 1 | . 1 . Heat Transferred 2063 | . 1071 992 Parts Sabotaged . | . . . Parts Stolen . | . . . Parts Stripped . | . . . Power Chain Reactions . | . . . Alert | -11 -10 -9 ------- Run | Yrd Mat Mat Maximum Alert Level . | . . . Low Security (%) 100 | 100 100 100 Level 1 . | . . . Level 2 . | . . . Level 3 . | . . . Level 4 . | . . . Level 5 . | . . . High Security . | . . . Max Security . | . . . Peak Influence 160 | . 132 160 Initial . | . . . Average 47 | . 30 79 Influence Increases 892 | . 433 459 Destroy 0b10 Robot/C 600 | . 260 340 Destroy 0b10 Robot/NC 40 | . 25 15 Destroy Leader 126 | . 56 70 Successful Hack 32 | . 30 2 Disable Machine 15 | . . 15 Destroy Structure 4 | . 2 2 Lose Combat Pursuer 75 | . 60 15 Influence Decreases 840 | . 433 407 Time Decay 755 | . 423 332 Lost Part 85 | . 10 75 Squads Dispatched 4 | . 2 2 Investigation . | . . . Extermination . | . . . Reinforcement 4 | . 2 2 Assault . | . . . Garrison . | . . . Intercept . | . . . Searches Triggered . | . . . Construction Impeded . | . . . Haulers Reinforced . | . . . Active Scanning Responses . | . . . Cargo Convoy Interrupts . | . . . Stealth | -11 -10 -9 --------- Run | Yrd Mat Mat Distress Signals . | . . . Communications Jammed . | . . . Distress Signals . | . . . Times Spotted 50 | . 26 24 Peak Tracking Total 7 | . 5 7 Tactical Retreats 4 | . 3 1 Traps | -11 -10 -9 ------- Run | Yrd Mat Mat Traps Triggered 2 | . 1 1 Indirectly . | . . . Trap Hack Attempts . | . . . Triggered . | . . . Disarmed . | . . . Reprogrammed 4 | . 4 . Reused . | . . . Traps Extracted . | . . . Installed . | . . . Triggered . | . . . Machines | -11 -10 -9 ---------- Run | Yrd Mat Mat Machines Disabled 1 | . . 1 Max in Single Turn 1 | . . 1 Machines Repaired . | . . . Machines Dismantled . | . . . Machines Sabotaged . | . . . Overloaded Fab Kills . | . . . Hacking | -11 -10 -9 --------- Run | Yrd Mat Mat Machines Accessed 9 | . 7 2 Terminals 6 | . 5 1 Fabricators . | . . . Repair Stations 1 | . 1 . Recycling Units 1 | . 1 . Scanalyzers 1 | . . 1 Garrison Access . | . . . Total Hacks 25 | . 17 8 Successful 17 | . 12 5 Failed 8 | . 5 3 Catastrophic 2 | . 1 1 Database Lockouts . | . . . Manual 1 | . 1 . Terminals 18 | . 14 4 Fabricators . | . . . Repair Stations 2 | . 2 . Recycling Units 1 | . 1 . Scanalyzers 4 | . . 4 Garrison Access . | . . . Terminal Hacks 11 | . 10 1 Record 2 | . 2 . Prototype ID Bank 1 | . 1 . Branch Access Points 1 | . 1 . Terminal Index 1 | . 1 . Locate Traps 3 | . 2 1 Reprogram Traps 2 | . 2 . Registered Components 1 | . 1 . Fabricator Hacks . | . . . Repair Station Hacks 1 | . 1 . Refit 1 | . 1 . Recycling Unit Hacks 1 | . 1 . Report Inventory 1 | . 1 . Scanalyzer 4 | . . 4 Insert Component 2 | . . 2 Analyze 2 | . . 2 Garrison Access Hacks . | . . . Unauthorized Hacks . | . . . Terminals . | . . . Fabricators . | . . . Repair Stations . | . . . Recycling Units . | . . . Scanalyzers . | . . . Garrison Access . | . . . Data Cores Recovered . | . . . Used . | . . . Hacking Detections 5 | . 4 1 Full Trace Events 3 | . 2 1 Feedback Events . | . . . Feedback Blocked . | . . . Robot Schematics Acquired . | . . . Robots Built . | . . . Authchips . | . . . Time . | . . . Total Robot Build Rating . | . . . Part Schematics Acquired 2 | . . 2 Parts Built . | . . . Authchips . | . . . Time . | . . . Total Part Build Rating . | . . . Parts Repaired . | . . . Time . | . . . Parts Recycled . | . . . Recycled Matter . | . . . Retrieved Matter . | . . . Retrieved Components . | . . . Parts Scanalyzed 2 | . . 2 Part Schematics Acquired 2 | . . 2 Parts Damaged 1 | . . 1 Bothacking | -11 -10 -9 ------------ Run | Yrd Mat Mat Used RIF Installer . | . . . Robots Hacked . | . . . Non-combat . | . . . Combat . | . . . Robot Hacks Applied . | . . . Relay Couplers Released . | . . . Fabnet Peak Effective % . | . . . Robots Rewired . | . . . Allies Hacked . | . . . Hacks Repelled . | . . . Allies | -11 -10 -9 -------- Run | Yrd Mat Mat Total Allies . | . . . Largest Group . | . . . Highest-Rated Group . | . . . Highest-Rated Ally . | . . . Total Orders . | . . . Ally Attacks . | . . . Total Damage . | . . . Kills . | . . . Allies Corrupted . | . . . Allies Melted . | . . . Intel | -11 -10 -9 ------- Run | Yrd Mat Mat Active Infowar (turns) . | . . . Robot Analysis Total . | . . . Derelict Logs Recovered . | . . . Drone Launches . | . . . Drone Recoveries . | . . . Exploration | -11 -10 -9 ------------- Run | Yrd Mat Mat Turns Passed 2498 | 74 1540 884 Spaces Moved 1153 | 43 689 421 Core 211 | 10 . 201 Treads 870 | 33 689 148 Legs . | . . . Wheels 72 | . . 72 Hover . | . . . Flight . | . . . Fastest Speed 50 | 50 160 80 Average Speed 150 | 134 160 136 Slowest Speed 400 | 160 160 400 Overloaded Moves . | . . . Propulsion Burnouts . | . . . Robots Hopped . | . . . Potential Cave-ins . | . . . Cave-ins Triggered . | . . . Exploration Rate (%) 44 | 4 95 35 Regions Visited 2 Branch Regions . Pre-discovered Areas . | . . . Known Exits Taken . | . . . Unknown Exits Taken 2 | 1 1 . Scrap Searched . | . . . Spaces Dug . | . . . Terrain Destroyed . | . . . Melee . | . . . Projectile . | . . . AOE . | . . . Terrain Rammed . | . . . Walls Destroyed . | . . . Machines Disabled . | . . . Actions | -11 -10 -9 --------- Run | Yrd Mat Mat Total 1667 | 59 1015 593 Wait 294 | 1 253 40 Move 1151 | 42 688 421 Hop . | . . . Pick Up 33 | 10 8 15 Fast Attach . | . . . Attach 24 | 6 4 14 Detach 2 | . 1 1 Swap 3 | . 3 . Drop 4 | . 1 3 Fire 142 | . 55 87 Melee 12 | . . 12 Ram . | . . . Kick . | . . . Crush 2 | . 2 . Escape Stasis . | . . . Rewire . | . . . Trap . | . . . Miscellaneous . | . . . Route ------- -11/Scrapyard -10/Materials (discovered 5 exits: *Mat x3 / *Min x2) -9/Materials History --------- Turn | Location | Event 22 | -11/Scrapyard | Discovered new exit (range 15) 75 | -11/Scrapyard | Entered Materials 304 | -10/Materials | Build established: Mutant 305 | -10/Materials | Discovered new exit (range 12) 414 | -10/Materials | Discovered new exit (range 15) 415 | -10/Materials | Discovered new exit (range 15) 879 | -10/Materials | Discovered new exit (range 5) 1411 | -10/Materials | Identified exit to Mines 1615 | -10/Materials | Entered another Materials area 1615 | -9/Materials | Evolved 2 slots: Utility x1, Weapon x1 2006 | -9/Materials | Core integrity fell below 50% 2039 | -9/Materials | Lost 5 parts (1p1u3w) 2103 | -9/Materials | Core integrity fell below 20% 2499 | -9/Materials | Destroyed by G-34 Mercenary with Small Laser Last Messages --------------- 02411_ Acquired Terrain Scan Processor. 02414_ Beam Cannon destroyed. 02433_ Y-45 Defender destroyed. 02436_ Acquired Lgt. Treads. 02441_ Acquired Hvy. Assault Rifle. 02442_ Acquired Targeting Computer. 02447_ Connecting with Repair Station... 02452_ Acquired 51 matter. 02454_ O-16 Technician: "IFF HANDSHAKE FAILED. SECURING TERMINAL." 02460_ ALERT: Hostiles spotted, dispatching reinforcements to Terminal M001. 02485_ Assault Rifle destroyed. 02490_ G-34 Mercenary suffers critical hit (Smash). 02490_ Destroyed Ion Engine. 02490_ G-34 Mercenary system corrupted by crushing effect. 02490_ G-34 Mercenary knocked back. 02495_ G-34 Mercenary IFF system glitched. Map ----- +----------------------------------------------------+ | | | | | | | | | | | | | | | | | | | | | | | ?????????????????????????????????????????????????? | | ?????????????????????????????????????????????????? | | ?????????????????????????????????????????????????? | | ?????????????????????????????????????????????????? | | ?????????????????????????????????????????????????? | | ?????????????????????########????????????????????? | | ????????????????????? #?????+??????????????? | | ???????????????????#"" +????? ??????????????? | | ???????????????????#"T #????# #?????????????? | | ???????????????????#"" #????# #?????????????? | | ???????????????????# o #????# #?????????????? | | ???????????????????# """ #????# #?????????????? | | ???????????????????# """ #????# ###########???? | | ???????????????????#| """ #????# # #???? | | ???????????????????# g @g #????# # [!!#???? | | ???????????????#########+######### #[! [!!#???? | | ??????????# #[ #???? | | ??????????# + """ #???? | | ??????????# # "R #???? | | ??????????# ###+#############+#+## """ #???? | | ?????????????????????????????# ## #???? | | ?????????????????????????????# #### #######???? | | ?????????????????????????????# #??###?????????? | | ?????????????????????????????# #???????#######? | | ?????????????????????????????# #??###### ## | | ?????????????????????????????# #??# / | | ?????????????????????????????# #### ^ " | | ?????????????????????????????# + | | ?????????????????????????????# ######### ## | | ?????????????????????????????######?????#####+#### | | ????????????????????????????????????????# | | ????????????????????????????????????????# | | ????????????????????????????????????????# """ | | ????????????????????????????????????????# """"" | | ????????????????????????????????????????#! """"" | | ????????????????????????????????????????# """"" | | ????????????????????????????????????????# """ | | ????????????????????????????????????????# | | ????????????????????????????????????????####?###+# | +----------------------------------------------------+ Best States ------------- Heat Dissipation 28 Energy Generation 10 Energy Capacity 250 Matter Stores 300 Matter Capacity 300 Sight Range 16 Terrain Scan Density 10 Additional Mass Support 6 Armor Coverage 150 Core Shielding 20 Evasion (%) 50 Recoil Reduction 2 Item Schematics ----------------- Hammer | -9/Materials | Scanalyzed Lgt. Treads | -9/Materials | Scanalyzed Robot Schematics ------------------ None Fabricated ------------ Nothing Repaired ---------- Nothing Alien Tech Used ----------------- None Achievements -------------- None Challenges ------------ None Game ------ Seed MasterCommGreatsword Manual? 0 Play Time 00:22:50 Cumulative 2.0 hours Start 2025.08.29 @ 21:32:55 End 2025.08.29 @ 23:31:38 Sessions 3 Manual Loads 0 Difficulty Rogue Special Mode None Game No. 6 Rogue 6 Adventurer 0 Explorer 0 Win Type - Total 0 Types 0/0/0/0/0/0/0/0/0/0 Lore% 0 Gallery% 3 Achievement% 5 Wizard Run 0 Options --------- Layout 1 ASCII 0 Keyboard 1 Movement Numpad Keybinds 0 Fullscreen 0 Font 20/Terminus Map View 50x35 Zoom Use 0% Tactical HUD 1 Map Filters NONE Filters NONE Steam 1 RUN: 8c226578-d3dc-4a7c-ae6d-a02f45afb0b8